 Dungeon Crawl Stone Soup version 0.31.0-11-ge490571c62 (webtiles) character file.

Game seed: 11032454140114403811

208 qw the Skirmisher (level 5, -6/30 HPs)
             Began as a Deep Elf Hunter on Feb 3, 2024.
             Mangled by a gnoll
             ... wielding a +0 halberd
              (8 damage)
             ... on level 3 of the Dungeon.
             The game lasted 00:00:07 (1690 turns).

qw the Skirmisher (Deep Elf Hunter)                 Turns: 1690, Time: 00:00:08

Health: -6/30      AC:  7    Str: 10    XL:     5   Next: 55%
Magic:  7/7        EV: 11    Int: 14    God:
Gold:   47         SH:  0    Dex: 18    Spells: 4/4 levels left

rFire   + . .        a - +0 shortbow
rCold   . . .        (shield currently unavailable)
rNeg    . . .        d - +2 ring mail {rF+}
rPois   .            (no helmet)
rElec   .            (no cloak)
rCorr   .            (no gloves)
SInv    +            (no boots)
Will    .....        e - amulet of faith
Stlth   +            i - ring of see invisible
HPRegen 0.25/turn    (no ring)
MPRegen 0.10/turn

%: faith
@: no status effects
A: no striking features
a: no special abilities


You were on level 3 of the Dungeon.
You visited 1 branch of the dungeon, and saw 3 of its levels.

You collected 99 gold pieces.
You spent 52 gold pieces at shops.


   Skills:
 + Level 1.8 Fighting
 - Level 9.0 Ranged Weapons
 - Level 2.4 Dodging
 - Level 1.2 Stealth


You had 4 spell levels left.
You didn't know any spells.
Your spell library was empty.

Inventory:

Hand Weapons
 a - a +0 shortbow (weapon)
Armour
 d - a +2 ring mail of fire resistance (worn)
Jewellery
 e - an amulet of faith (around neck)
 i - a ring of see invisible (left hand)
Potions
 f - a potion of haste
 g - a potion of curing

Dungeon Overview and Level Annotations

Branches:
Dungeon (3/15)

Altars:

Shops:
D:1 *?*

Annotations:
D:2 1 runed translucent door, Crazy Yiuf


Message History

You shoot an arrow. The gnoll shouts!
The arrow hits the gnoll.
The gnoll is heavily wounded.
You shoot an arrow.
The arrow hits the gnoll but does no damage.
The gnoll is heavily wounded.
You shoot an arrow. The arrow hits the gnoll.
The gnoll is heavily wounded.
The gnoll hits you but does no damage.
You shoot an arrow. The arrow hits the gnoll.
The gnoll is moderately wounded.
The gnoll barely misses you. The gnoll misses you.
You shoot an arrow.
The arrow hits the gnoll but does no damage.
The gnoll is moderately wounded.
The gnoll hits you with a +0 whip. The gnoll barely misses you.
You shoot an arrow.
The arrow hits the gnoll but does no damage.
The gnoll is moderately wounded.
The gnoll hits you but does no damage. The gnoll closely misses you.
The gnoll hits you but does no damage.
You shoot an arrow. The arrow barely misses the gnoll.
The arrow closely misses the gnoll.
The gnoll barely misses you. x2
You shoot an arrow. The arrow hits the gnoll!
You kill the gnoll!
The gnoll closely misses you. x2
You shoot an arrow. The arrow hits the gnoll.
The gnoll is lightly wounded.
The gnoll barely misses you. The gnoll completely misses you.
The gnoll hits you from afar with a +0 halberd.
You shoot an arrow. The arrow barely misses the gnoll.
The gnoll hits you but does no damage. The gnoll barely misses you.
The gnoll hits you with a +0 club.
You shoot an arrow. The arrow hits the gnoll.
The gnoll is heavily wounded.
The gnoll closely misses you. The gnoll hits you with a +0 club.
The gnoll hits you from afar with a +0 halberd! x2
You die...

#.....#
####.....##########
............%.....#
####.....#####.##.#
...........###.##.#
.#####.#....#.#.#.####
#.......###.....#
.#######....#.#.#.##.#
......g@.......##.##.##
.....g.g..............##
..#####..#...........(.#
#..#....#####....#
####..#.....###.....#
.........#...#...#..#
###.....##..#..##..#
#.###.#########.##
#.....##..# #.#


You could see 3 gnolls.

Vanquished Creatures
  A black bear (D:3)
  A bombardier beetle (D:2)
  4 gnolls
  An adder (D:2)
  3 dart slugs (D:1)
  5 endoplasms
  3 giant cockroaches
  3 goblins
  A hobgoblin (D:1)
  2 quokkas (D:1)
  3 ball pythons
  4 bats
  3 frilled lizards
  3 kobolds
  5 rats
42 creatures vanquished.

Notes
Turn   | Place    | Note
-------+----------+-------------------------------------------
     0 | D:1      | qw the Deep Elf Hunter began the quest for the Orb.
     0 | D:1      | Reached XP level 1. HP: 12/12 MP: 3/3
     0 | D:1      | 0 ||| qw: Version: 0.3-a-157-g843a77d
     0 | D:1      | 0 ||| qw: Game counter: 3685
     0 | D:1      | 0 ||| qw: Melee chars always use a shield: true
     0 | D:1      | 0 ||| qw: God list: Okawaru
     0 | D:1      | 0 ||| qw: Allow faded altars: false
     0 | D:1      | 0 ||| qw: Do Orc after clearing Dungeon:15 true
     0 | D:1      | 0 ||| qw: Do second Lair branch before Depths: true
     0 | D:1      | 0 ||| qw: Lair rune preference: random
     0 | D:1      | 0 ||| qw: Goals: Normal
     0 | D:1      | 0 ||| PLANNING D:1-11
   170 | D:1      | Reached XP level 2. HP: 14/16 MP: 4/4
   187 | D:1      | Reached skill level 6 in Ranged Weapons
   366 | D:1      | Found Usuol's General Store.
   366 | D:1      | Found Gej Yna's Assorted Antiques.
   366 | D:1      | Found Kahaubotz's Magic Scroll Shop.
   377 | D:1      | 377 ||| SHOPLISTING +1 scale mail of cold resistance (224
                  | gold, have 59).
   379 | D:1      | 379 ||| BUYING scroll of identify (26 gold).
   379 | D:1      | Bought a scroll of identify for 26 gold pieces
   379 | D:1      | 379 ||| BUYING scroll of identify (26 gold).
   379 | D:1      | Bought a scroll of identify for 26 gold pieces
   379 | D:1      | 379 ||| SHOPLISTING scroll of identify (26 gold, have 7).
   379 | D:1      | 379 ||| SHOPLISTING scroll of teleportation (39 gold, have
                  | 7).
   381 | D:1      | 381 ||| SHOPLISTING bronze ring (120 gold, have 7).
   381 | D:1      | 381 ||| SHOPLISTING glowing coppery potion (21 gold, have
                  | 7).
   381 | D:1      | 381 ||| SHOPLISTING steaming ring mail (216 gold, have 7).
   381 | D:1      | 381 ||| SHOPLISTING white potion (21 gold, have 7).
   732 | D:1      | Reached XP level 3. HP: 15/20 MP: 5/5
   806 | D:1      | 806 ||| UPGRADING to +2 ring mail of fire resistance.
   816 | D:1      | 816 ||| DROPPING +0 leather armour.
   817 | D:1      | 817 ||| UPGRADING to amulet of faith.
   822 | D:1      | 822 ||| READING 3 scrolls of identify.
   822 | D:1      | 822 ||| IDENTIFYING viscous inky potion
   823 | D:1      | 823 ||| READING 2 scrolls of identify.
   823 | D:1      | 823 ||| IDENTIFYING scroll labelled HEOCI USSICS
   824 | D:1      | 824 ||| DROPPING scroll of butterflies.
   825 | D:1      | 825 ||| DROPPING scroll of blinking.
  1014 | D:2      | Reached skill level 7 in Ranged Weapons
  1054 | D:2      | Reached XP level 4. HP: 25/25 MP: 6/6
  1213 | D:2      | Found a runed translucent door.
  1214 | D:2      | Noticed Crazy Yiuf
  1217 | D:2      | 1217 ||| UPGRADING to ring of see invisible.
  1218 | D:2      | 1218 ||| READING scroll of identify.
  1218 | D:2      | 1218 ||| IDENTIFYING 2 glowing coppery potions
  1219 | D:2      | 1219 ||| READING scroll labelled AMOIPR LIOSYR.
  1220 | D:2      | 1220 ||| READING scroll labelled UTUKUCR CYSS.
  1354 | D:3      | 1354 ||| STAIRDANCE
  1358 | D:2      | HP: 5/25 [gnoll/+0 whip (5)]
  1460 | D:3      | 1460 ||| STAIRDANCE
  1505 | D:3      | 1505 ||| STAIRDANCE
  1527 | D:3      | Reached skill level 8 in Ranged Weapons
  1550 | D:3      | Noticed a black bear
  1551 | D:3      | 1551 ||| DRINKING 2 potions of haste.
  1558 | D:3      | Killed a black bear
  1559 | D:3      | Reached skill level 9 in Ranged Weapons
  1559 | D:3      | Reached XP level 5. HP: 21/29 MP: 7/7
  1690 | D:3      | HP: 2/30 [gnoll/+0 halberd (12)]
  1690 | D:3      | Mangled by a gnoll

Levels and vault maps discovered:
D:1:      arrival_zaba_pyramid, layout_basic, serial_shops, shop, shop, shop
D:2:      layout_rooms, nicolae_elevator_lobby_asterisk, uniq_crazy_yiuf_cottage
D:3:      minmay_spotlight, layout_loops_ring, fedhas_altar_1, st_stairs_6,
          dreamdust_princess_corridor, roderic_malta_cross, uniq_natasha,
          uniq_ijyb

Skill      XL: |  1  2  3  4 |
---------------+-------------+-----
Ranged Weapons | 6 7 9 |  9.0
Fighting       | |  1.8
Dodging        | |  2.4
Stealth        | |  1.2

Action                     |  1- 3 |  4- 6 || total
---------------------------+-------+-------++-------
   Fire: Shortbow          |    79 |    50 ||   129
    Use: Scroll            |     2 |     3 ||     5
         Potion            |       |     1 ||     1
 Armour: Leather armour    |     8 |       ||     8
         Ring mail         |     4 |    32 ||    36
  Dodge: Dodged            |    13 |    30 ||    43

Table legend:
 A = Non-vault XP
 B = Vault XP
 C = Vault XP percentage of total XP
 D = Non-vault monster count
 E = Vault monster count
 F = Vault count percentage of total count
                 A         B        C        D         E       F
            +---------+---------+-------+---------+---------+-------
      Total |     298 |       0 |   0.0 |      42 |       0 |   0.0
            +---------+---------+-------+---------+---------+-------
        D:1 |      44 |       0 |   0.0 |      23 |       0 |   0.0
        D:2 |      94 |       0 |   0.0 |      11 |       0 |   0.0
        D:3 |     160 |       0 |   0.0 |       8 |       0 |   0.0
            +---------+---------+-------+---------+---------+-------
